 Dungeon Crawl Stone Soup version 0.31-a0-354-g827e0957a7 (webtiles) character file.

Game seed: 14322256249852596220

39076 Locuples the Severer (level 13, -31/192 HPs)
             Began as a Minotaur Berserker on July 24, 2023.
             Was the Champion of Trog.
             Killed from afar by an ironbound frostheart (37 damage)
             ... by creeping frost
             ... on level 1 of the Vaults.
             The game lasted 00:38:22 (13817 turns).

Locuples the Severer (Minotaur Berserker)          Turns: 13817, Time: 00:38:24

Health: -31/192    AC: 21    Str: 32    XL:     13   Next: 67%
Magic:  12/12      EV: 12    Int:  6    God:    Trog [******]
Gold:   1537       SH:  0    Dex: 17    Spells: 12/12 levels left

rFire   . . .        J - +13 battleaxe "Roiheiqam" {heavy, rN+}
rCold   . . .        (shield currently unavailable)
rNeg    + . .        H - +3 ring mail of Day {Dex+6}
rPois   .            (helmet restricted)
rElec   .            v - +2 cloak
rCorr   .            u - +1 Delatra's gloves {ID++}
SInv    .            L - +3 pair of boots "Garu Yjybu" {+Blink Will+ Int+2}
Will    +++..        (no amulet) Stlth
                     C - ring of flight
HPRegen 1.52/turn    m - +6 ring of strength
MPRegen 0.13/turn

%: no passive effects
@: berserking, strong-willed, flying, regenerating, very quick
A: horns 2, retaliatory headbutt
a: Renounce Religion, Evoke Blink, Berserk, Trog's Hand, Brothers in Arms


You were on level 1 of the Vaults.
You worshipped Trog.
Trog was exalted by your worship.
You visited 2 branches of the dungeon, and saw 14 of its levels.
You also visited: Ossuary.

You collected 1972 gold pieces.
You spent 435 gold pieces at shops.

Inventory:

Hand Weapons
 l - a +2 executioner's axe of freezing
 o - a +2 executioner's axe of flaming
 J - the +13 battleaxe "Roiheiqam" (weapon) {heavy, rN+}
   (Trog gifted it to you on level 13 of the Dungeon)

   rN:        It protects you from negative energy.
Armour
 u - the +1 Delatra's gloves (worn) {ID++}
   (You found it on level 5 of the Dungeon)

   ID++:      It heals its wearer when they drink unknown potions, and restores
   their MP when they read unknown scrolls.
 v - a +2 cloak (worn)
 E - the +2 pair of slick slippers {slick, slippery, EV+4}
   (You acquired it on level 12 of the Dungeon)

   Slick:     Its wearer cannot be constricted, engulfed, netted or webbed.
   Slippery:  Its wearer slips away from damaging melee attacks, pulling the
   attacker onward.
   EV:        It affects your evasion (+4).
 H - the +3 ring mail of Day (worn) {Dex+6}
   (You found it on level 10 of the Dungeon)

   Dex:       It affects your dexterity (+6).
 K - a +1 pair of gloves
 L - the +3 pair of boots "Garu Yjybu" (worn) {+Blink Will+ Int+2}
   (You bought it in a shop on level 9 of the Dungeon)

   Int:       It affects your intelligence (+2).
   +Blink:    It lets you blink.
   Will:      It increases your willpower.
Jewellery
 m - a +6 ring of strength (right hand)
 C - a ring of flight (left hand)
 I - a +6 ring of dexterity
Wands
 h - a wand of paralysis (10)
 w - a wand of polymorph (11) (quivered)
 A - a wand of mindburst (9)
 F - a wand of light (1)
Scrolls
 a - a scroll of fog {unknown}
 b - a scroll of fear {unknown}
 c - 6 scrolls of enchant armour
 d - a scroll of brand weapon {unknown}
 f - 6 scrolls of revelation
 i - 8 scrolls of teleportation
 r - 3 scrolls of silence
 t - 2 scrolls of amnesia {unknown}
 y - 2 scrolls of enchant weapon
 D - a scroll of blinking {unknown}
Potions
 e - 8 potions of enlightenment
 g - 3 potions of curing
 j - 5 potions of brilliance
 k - 7 potions of haste
 n - 5 potions of attraction
 p - a potion of lignification {unknown}
 s - 2 potions of berserk rage
 x - 2 potions of ambrosia {unknown}
 z - 2 potions of mutation {unknown}
 B - a potion of cancellation {unknown}
 G - a potion of might {unknown}


   Skills:
 + Level 15.7 Fighting
 + Level 19.5 Axes
 + Level 13.7 Armour
 - Level 2.1 Dodging
 + Level 0.9 Evocations


You had 12 spell levels left.
You didn't know any spells.
Your spell library was empty.

Dungeon Overview and Level Annotations

Branches:
Dungeon (13/15)            Temple (0/1) D:4            Lair (0/5) D:10
    Orc (0/2) D:11         Vaults (1/5) D:13        Ossuary (visited)

Altars:
Dithmenos
Elyvilon
Gozag
Ru
Trog
Wu Jian
Yredelemnul

Shops:
D:5 ?   D:9 =**[   D:10 =


Innate Abilities, Weirdness & Mutations

You have a pair of horns on your head.
You reflexively headbutt those who attack you in melee.


Message History

The vault guard hits you from afar with a +0 bardiche!
* * * LOW HITPOINT WARNING * * *
The vault guard closely misses you.
The vault warden hits you with a +3 long sword.
* * * LOW HITPOINT WARNING * * *
You cut the vault warden into ribbons!!!
The vault warden is severely wounded.
You slash the vault guard! The vault guard barely misses you.
The vault guard hits you but does no damage.
The vault warden misses you.
You open the vault warden like a pillowcase!!!
You kill the vault warden!
Trog accepts your kill.
Trog appreciates your killing of a magic user.
The runic seals fade away.
You slice the vault guard!! You closely miss the vault guard.
You headbutt the vault guard!
The vault guard is almost dead.
The vault guard hits you from afar with a +0 bardiche!
* * * LOW HITPOINT WARNING * * *
The vault guard hits you with a +2 war axe of freezing!
* * * LOW HITPOINT WARNING * * *
The vault guard freezes you.
* * * LOW HITPOINT WARNING * * *
You cut the ironbound convoker into ribbons!!!!
You kill the ironbound convoker!
Trog accepts your kill.
Trog appreciates your killing of a magic user.
You slice the vault guard!!
You kill the vault guard!
Trog accepts your kill.
The vault guard hits you from afar with a +0 bardiche!
* * * LOW HITPOINT WARNING * * *
Items here: )))) [[[ ††.
You cut the vault guard into ribbons!!!!
You kill the vault guard!
Trog accepts your kill.
You slice the deep troll!!
The ironbound frostheart calls freezing cold from the walls.
The frost grips you!!!
You die...

#..# #..# .# #..#
#..##########..#
...#........#..#
..#........#..# #
..#........#..#
#.###.#........#..#
#p)@).#........#..#
#....T#[.#........#..#
#.###.#..+........'..#
..#..#........#..#
#.....#........#..#
...###.##########..#
..#. ..# #..# .... ..#
#..# ##+# #..#


You could see an ironbound frostheart (strong) and a deep troll (strong).

Vanquished Creatures
  A vault warden (Vaults:1)
  An ironbound preserver (Vaults:1)
  An ironbound thunderhulk (Vaults:1)
  Azrael (D:13)
  Fannar (D:12)
  2 hydras (D:9)
  4 vault guards
  A death knight (D:10)
  4 centaur warriors
  6 two-headed ogres
  A skeletal warrior (D:10)
  A deep troll (Vaults:1)
  2 ironbound convokers (Vaults:1)
  3 wizards
  A necromancer (D:13)
  A deep elf pyromancer (D:9)
  4 ugly things
  5 cyclopes
  Maurice (D:11)
  A gargoyle (D:12)
  Maggie (D:6)
  A komodo dragon (D:11)
  2 tengu conjurers (D:13)
  5 trolls
  A meliai (D:9)
  A spriggan (shapeshifter) (D:13)
  A vampire (D:11)
  6 wyverns
  10 yaks
  2 shadows (D:11)
  3 fire elementals (D:13)
  2 wraiths
  3 basilisks
  A steam dragon (D:8)
  20 humans (D:13)
  17 vampire mosquitoes
  A two-headed ogre zombie (D:11)
  2 acid dragons (D:12)
  3 hell hounds (D:13)
  7 water moccasins
  2 sky beasts
  6 ice beasts
  2 black bears
  7 orc warriors
  An ogre (D:7)
  5 centaurs
  A phantom (D:11)
  3 bullfrogs
  5 scorpions
  13 wights
  A troll zombie (D:11)
  2 killer bees (D:7)
  7 howler monkeys
  2 lava snakes (D:10)
  2 hounds
  10 orc priests
  2 iguanas (D:5)
  11 orc wizards
  A sleepcap (D:7)
  6 ogre zombies (D:11)
  8 mummies (Ossuary)
  Robin (D:4)
  2 gnolls (D:7)
  13 adders
  A shadow imp (D:7)
  A white imp (D:6)
  An ufetubus (D:5)
  2 dart slugs (D:5)
  A worm (D:2)
  37 orcs
  4 ball pythons
  3 bats
  4 endoplasms
  2 giant cockroaches
  14 goblins
  7 hobgoblins
  7 jackals
  4 quokkas
  A frilled lizard (D:1)
  A gnoll zombie (Ossuary)
  5 goblin zombies (D:11)
  A hobgoblin skeleton (D:11)
  4 hobgoblin zombies
  6 kobolds
  2 kobold zombies (Ossuary)
  2 orc skeletons (D:11)
  18 orc zombies
  3 rats
375 creatures vanquished.

Notes
Turn   | Place    | Note
-------+----------+-------------------------------------------
     0 | D:1      | Locuples the Minotaur Berserker began the quest for the
                  | Orb.
     0 | D:1      | Reached XP level 1. HP: 19/19 MP: 0/0
   109 | D:1      | Reached skill level 4 in Axes
   109 | D:1      | Reached XP level 2. HP: 19/27 MP: 1/1
   226 | D:1      | Found a faded altar of an unknown god.
   674 | D:2      | Reached XP level 3. HP: 19/33 MP: 2/2
  1163 | D:2      | Reached ** piety under Trog
  1375 | D:2      | You fall into a shaft and drop 1 floor!
  1534 | D:3      | Found a shadowy altar of Dithmenos.
  2051 | D:4      | Found a staircase to the Ecumenical Temple.
  2060 | D:4      | Reached XP level 4. HP: 31/41 MP: 3/3
  2114 | D:4      | Reached skill level 5 in Axes
  2330 | D:4      | Reached skill level 5 in Fighting
  2330 | D:4      | Reached XP level 5. HP: 42/48 MP: 4/4
  2359 | D:4      | Noticed Robin
  2372 | D:4      | Reached skill level 6 in Axes
  2374 | D:4      | Killed Robin
  2564 | D:4      | Found a bloodstained altar of Trog.
  2721 | D:4      | Reached *** piety under Trog
  2936 | D:4      | Found an ornate altar of the Wu Jian Council.
  2956 | D:5      | Entered Level 5 of the Dungeon
  2966 | D:5      | Found Fiun's Magic Scroll Shop.
  2984 | D:5      | Bought 3 scrolls of identify for 84 gold pieces
  3030 | D:5      | Reached XP level 6. HP: 25/57 MP: 5/5
  3231 | D:5      | Found the +1 Delatra's gloves {ID++}
  3244 | D:5      | Reached skill level 7 in Axes
  3881 | D:5      | Noticed an orc warrior
  3889 | D:5      | Killed an orc warrior
  3890 | D:5      | Reached skill level 8 in Axes
  3890 | D:5      | Reached XP level 7. HP: 37/64 MP: 6/6
  4158 | D:5      | Reached skill level 9 in Axes
  4381 | D:6      | Reached XP level 8. HP: 71/73 MP: 7/7
  4408 | D:6      | Found a sand-covered staircase.
  4415 | Ossuary  | Entered an ossuary
  4928 | D:6      | Reached **** piety under Trog
  4929 | D:6      | Reached skill level 10 in Axes
  4933 | D:6      | Noticed Maggie
  4954 | D:6      | Killed Maggie
  5316 | D:7      | Reached skill level 5 in Armour
  5387 | D:7      | Reached skill level 11 in Axes
  5417 | D:7      | Reached XP level 9. HP: 20/82 MP: 8/8
  5423 | D:7      | HP: 4/82 [sleepcap (6)]
  5567 | D:7      | Reached skill level 12 in Axes
  6350 | D:7      | Reached skill level 13 in Axes
  6625 | D:8      | Reached XP level 10. HP: 86/91 MP: 9/9
  6811 | D:8      | Found a white marble altar of Elyvilon.
  7748 | D:9      | Noticed a two-headed ogre
  7754 | D:9      | Killed a two-headed ogre
  7755 | D:9      | Reached skill level 10 in Fighting
  7755 | D:9      | Reached skill level 14 in Axes
  8020 | D:9      | Found Sara's Antique Armour Shop.
  8027 | D:9      | Bought a pair of warped boots for 323 gold pieces
  8027 | D:9      | Identified the +3 pair of boots "Garu Yjybu" {+Blink Will+
                  | Int+2} (You bought it in a shop on level 9 of the Dungeon)
  8264 | D:9      | Found Meumu's Assorted Antiques.
  8413 | D:9      | Found Vituu's Jewellery Shop.
  8521 | D:9      | Found Ubutu's General Store.
  8534 | D:9      | Bought a scroll of identify for 28 gold pieces
  8599 | D:9      | Noticed a centaur warrior
  8610 | D:9      | Killed a centaur warrior
  8610 | D:9      | Reached ***** piety under Trog
  8611 | D:9      | Reached skill level 15 in Axes
  8690 | D:9      | Noticed a centaur warrior
  8690 | D:9      | Noticed a deep elf pyromancer
  8690 | D:9      | Noticed a cyclops
  8698 | D:9      | Killed a deep elf pyromancer
  8699 | D:9      | Reached skill level 10 in Armour
  8699 | D:9      | Reached XP level 11. HP: 101/101 MP: 10/10
  8700 | D:9      | Killed a centaur warrior
  8981 | D:9      | Noticed a six-headed hydra
  8981 | D:9      | Noticed a five-headed hydra
  9050 | D:10     | Entered Level 10 of the Dungeon
  9142 | D:10     | Found an opulent altar of Gozag.
  9318 | D:10     | Found a basalt altar of Yredelemnul.
  9318 | D:10     | Found a sacrificial altar of Ru.
  9488 | D:10     | Noticed a two-headed ogre
  9492 | D:10     | Found Seschitur's Jewellery Emporium.
  9729 | D:10     | Killed a two-headed ogre
  9896 | D:10     | Found a staircase to the Lair.
 10113 | D:10     | Noticed a skeletal warrior
 10133 | D:10     | Killed a skeletal warrior
 10136 | D:10     | Identified the +0 leather armour "Jukatuim" {rF+ SInv}
 10467 | D:10     | Reached skill level 16 in Axes
 10520 | D:10     | Identified the +5 scimitar of Sharp Gallantry {flame, Will+
                  | Str+5 Dex+3}
 10541 | D:10     | Noticed a death knight
 10553 | D:10     | Killed a death knight
 10596 | D:10     | Identified the +3 ring mail of Day {Dex+6}
 10795 | D:11     | Noticed a purple ugly thing
 10796 | D:11     | Noticed a two-headed ogre
 10802 | D:11     | Killed a purple ugly thing
 10808 | D:11     | Killed a two-headed ogre
 10809 | D:11     | Reached XP level 12. HP: 113/113 MP: 11/11
 10909 | D:11     | Found a staircase to the Orcish Mines.
 11322 | D:11     | Noticed Maurice
 11339 | D:11     | Killed Maurice
 11764 | D:12     | Noticed a two-headed ogre
 11777 | D:12     | Killed a two-headed ogre
 11785 | D:12     | Noticed Fannar
 11796 | D:12     | Noticed a two-headed ogre
 11797 | D:12     | Killed Fannar
 11804 | D:12     | Noticed a two-headed ogre
 11807 | D:12     | Killed a two-headed ogre
 11808 | D:12     | Reached skill level 17 in Axes
 11813 | D:12     | Killed a two-headed ogre
 12296 | D:12     | Identified 4 scrolls of acquirement
 12297 | D:12     | Acquired a +2 executioner's axe of freezing
 12305 | D:12     | Acquired a +2 executioner's axe of flaming
 12311 | D:12     | Acquired 832 gold pieces
 12312 | D:12     | Acquired the +2 pair of slick slippers {slick, slippery,
                  | EV+4}
 12312 | D:12     | Found the +2 pair of slick slippers {slick, slippery, EV+4}
 12514 | D:9      | Killed a one-headed hydra
 12517 | D:9      | Killed a five-headed hydra
 12896 | D:13     | Noticed Azrael
 12906 | D:13     | Killed Azrael
 13018 | D:13     | Noticed a centaur warrior
 13026 | D:13     | Killed a centaur warrior
 13027 | D:13     | Reached XP level 13. HP: 33/125 MP: 12/12
 13412 | D:13     | Reached skill level 18 in Axes
 13434 | D:13     | Reached ****** piety under Trog
 13457 | D:13     | Identified the +13 battleaxe "Roiheiqam" {heavy, rN+} (Trog
                  | gifted it to you on level 13 of the Dungeon)
 13457 | D:13     | Received a gift from Trog
 13458 | D:13     | Reached skill level 15 in Fighting
 13497 | D:13     | Found a gate to the Vaults.
 13518 | Vaults:1 | Entered Level 1 of the Vaults
 13540 | Vaults:1 | Noticed an ironbound thunderhulk
 13548 | Vaults:1 | Killed an ironbound thunderhulk
 13693 | Vaults:1 | Reached skill level 19 in Axes
 13794 | Vaults:1 | Noticed an ironbound preserver
 13801 | Vaults:1 | Killed an ironbound preserver
 13804 | Vaults:1 | Noticed a vault warden
 13813 | Vaults:1 | Killed a vault warden
 13815 | Vaults:1 | HP: 4/190 [vault guard/+0 bardiche[a vault warden] (16)]
 13817 | Vaults:1 | Killed from afar by an ironbound frostheart

Illustrated notes

Levels and vault maps discovered:
D:1:      dpeg_arrival_round_b, layout_basic, ebering_ecumenical_altar_hall
D:2:      layout_loops_corners, serial_bayou, serial_bayou_pond_a,
          serial_bayou_pond_e, serial_bayou_shore_a, serial_bayou_pond_e,
          serial_bayou_pond_a, serial_bayou_pond_c, kennysheep_generic_room_13
D:3:      layout_loops_cross, nicolae_dithmenos_shadow_blocks,
          ebering_dispersal_statue_hall
D:4:      layout_gridville, mainiacjoe_overflow_cross_hatched,
          nzn_wu_jian_council_hall, minmay_temple_entry_offerings, uniq_robin
D:5:      minmay_bubble_buster, layout_cave_pools, serial_shops,
          nicolae_shop_just_a_little_nook, chequers_big_river
D:6:      layout_rooms, nicolae_ossuary_entry_false_entrances,
          nicolae_half_adder, uniq_maggie
D:7:      hellmonk_crumbling_castle, layout_basic, minmay_alternating_orb
D:8:      minmay_weird_star, layout_loops_corners, elyvilon_altar_1,
          dreamdust_princess_corridor
D:9:      minmay_sliced_demisemicircle, layout_loops_ring, serial_shops, shop,
          shop, shop, nicolae_shop_back_alley_shop
D:10:     minmay_wavy_crystal, layout_loops_ring,
          nicolae_gozag_cash_rules_everything_around_me,
          nicolae_overflow_two_pavilions, minmay_lair_entry_grove, serial_shops,
          nicolae_inconvenience_store
D:11:     layout_irregular_city, zombieorc2_lemuel, uniq_maurice
D:12:     layout_loops_cross, uniq_fannar
D:13:     layout_roguey, grunt_vaults_entry_tiered, uniq_azrael
Vaults:1: hangedman_vaults_corner, nicolae_vaults_network_square,
          vaults_room_stairs_pillars, v_misc_23, hangedman_vaults_restitches,
          nicolae_vaults_bisected_exclaves, layout_vaults_quadrants,
          serial_shops, nicolae_shop_hallway_plus

Skill      XL: |  1  2  3  4  5  6  7  8  9 10 11 12 13 |
---------------+----------------------------------------+-----
Axes           | 4 5 6 8 9 11 13 15 16 17 19 | 19.5
Fighting       | 4 5 6 7 8 9 10 12 14 15 | 15.7
Armour         | 3 4 5 7 10 12 13 | 13.7
Dodging        | |  2.1
Evocations     | |  0.9

Action                     |  1- 3 |  4- 6 |  7- 9 | 10-12 | 13-15 || total
---------------------------+-------+-------+-------+-------+-------++-------
  Melee: Hand axe          |   100 |    52 |       |   381 |       ||   533
         Punch             |     2 |       |     4 |     8 |       ||    14
         Headbutt          |    17 |     8 |    38 |   106 |    16 ||   185
         War axe           |       |    20 |   191 |    47 |       ||   258
         Executioner's axe |       |       |       |    43 |    50 ||    93
         Battleaxe         |       |       |       |       |    28 ||    28
 Invoke: Berserk           |       |     1 |     5 |    12 |     2 ||    20
         Trog's Hand       |       |       |     4 |     2 |     1 ||     7
Ability: Evoke Blink       |       |       |       |     1 |       ||     1
    Use: Scroll            |       |     6 |     1 |    13 |       ||    20
         Potion            |       |       |       |       |     3 ||     3
   Stab: Sleeping          |     1 |       |       |       |       ||     1
 Armour: Animal skin       |    17 |    13 |       |       |       ||    30
         Scale mail        |       |     1 |    56 |   187 |       ||   244
         Plate armour      |       |       |    20 |    32 |       ||    52
         Skin              |       |       |     7 |       |       ||     7
         Ring mail         |       |       |       |    21 |    73 ||    94
  Dodge: Dodged            |    85 |    54 |   111 |   207 |    76 ||   533

Table legend: (Time is in decaauts)
 A = Elapsed time spent in this place.
 B = Non-inter-level travel time spent in this place.
 C = Inter-level travel time spent in this place.
 D = Time resting spent in this place.
 E = Time spent auto-exploring this place.
 F = Levels seen in this place.
 G = Mean time per level.
                   A        B        C        D        E       F      G
               +--------+--------+--------+--------+--------+-----+--------+
         Total |  13842 |  13268 |    574 |   1828 |   8697 |  15 |  922.8 |
       Dungeon |  13234 |  12660 |    574 |   1728 |   8344 |  13 | 1018.0 |
        Vaults |    299 |    299 |      0 |      0 |    233 |   1 |  299.0 |
       Ossuary |    308 |    308 |      0 |    100 |    120 |   1 |  308.0 |
               +--------+--------+--------+--------+--------+-----+--------+

Top non-repeatable levels by time:
    D:10: 1824 daAuts
     D:5: 1407 daAuts
     D:7: 1390 daAuts
     D:8: 1305 daAuts
     D:9: 1223 daAuts
     D:4: 946 daAuts
    D:11: 897 daAuts
    D:13: 808 daAuts
    D:12: 804 daAuts
     D:2: 753 daAuts
     D:3: 642 daAuts
     D:1: 634 daAuts
     D:6: 595 daAuts
 Ossuary: 308 daAuts
Vaults:1: 299 daAuts
